[Event "December 12 Early 2023"]
[Site "https://www.chess.com"]
[Date "2023.12.12"]
[Round "7"]
[White "Nasybullina, Alfia"]
[Black "Sari, Yasin"]
[Result "0-1"]
[Board "144"]
[TimeControl "180+1"]
[WhiteFideId "4132416"]
[BlackFideId "6320902"]
[WhiteElo "2290"]
[BlackElo "2416"]
[WhiteTeam "KAZ"]
[BlackTeam "TUR"]
[WhiteClock "0:00:21"]
[BlackClock "0:00:10"]

1. d4 d5 2. Nf3 Nf6 3. Bf4 c5 4. Bxb8 Rxb8 5. c3 e6 6. e3 Bd6 7. Nbd2 O-O 8. Bd3 b5 9. O-O b4 10. cxb4 c4 11. Bc2 Rxb4 12. Rb1 Bd7 13. a3 Rb7 14. e4 Bf4 15. e5 Ne8 16. g3 Bh6 17. b4 a5 18. Re1 axb4 19. axb4 Nc7 20. Nf1 Nb5 21. Rb2 Ra7 22. Ne3 Nc3 23. Qd2 Ra3 24. Rc1 Na4 25. Bxa4 Bxa4 26. Rc3 Ra1+ 27. Kg2 Bb3 28. Qe2 Bxe3 29. Qxe3 Qa8 30. h4 Qa3 31. Re2 Qxb4 32. h5 h6 33. g4 Bd1 34. Rd2 Bxf3+ 35. Qxf3 Qb1 36. Kg3 Qg1+ 37. Kf4 Rb8 38. Qg3 Qxg3+ 39. Rxg3 Kh7 40. g5 Rb3 41. g6+ fxg6 42. hxg6+ Kg8 43. Rxb3 cxb3 44. Rb2 Ra3 45. Ke3 Kf8 46. Kd3 Ke7 47. Kc3 h5 48. Rxb3 Rxb3+ 49. Kxb3 h4 50. f4 h3 51. Kb4 h2 52. Kc5 h1=Q 53. Kc6 Qc1+ 0-1

[Event "December 12 Early 2023"]
[Site "https://www.chess.com"]
[Date "2023.12.12"]
[Round "7"]
[White "Leve, Nitai"]
[Black "Minina, Veronika"]
[Result "1-0"]
[Board "145"]
[TimeControl "180+1"]
[WhiteFideId "2006898"]
[BlackFideId "4174780"]
[WhiteElo "2414"]
[BlackElo "2264"]
[WhiteTeam "USA"]
[BlackTeam "RUS"]
[WhiteClock "0:00:13"]
[BlackClock "0:00:25"]

1. e4 c5 2. Nf3 Nc6 3. Bb5 e6 4. Nc3 Nge7 5. d3 Ng6 6. Bxc6 bxc6 7. h4 h5 8. Bg5 Be7 9. Qd2 f6 10. Be3 d5 11. d4 cxd4 12. Qxd4 O-O 13. exd5 exd5 14. O-O-O Qa5 15. Qa4 Qc7 16. Nd4 Bd7 17. Qa6 Ne5 18. Bf4 Rfb8 19. Rhe1 Rb6 20. Qe2 Rab8 21. Bxe5 fxe5 22. Qxe5 Bd6 23. Nxd5 Bxe5 24. Nxc7 Bxc7 25. Re7 Bf4+ 26. Kb1 Rxb2+ 27. Ka1 Be8 28. Rxe8+ Kf7 29. Rxb8 Rxb8 30. c3 c5 31. Nf3 Re8 32. Kb2 Re2+ 33. Kb3 Rxf2 34. Rd7+ Kg6 35. Rxa7 Rxg2 36. a4 Rg3 37. Ng5 Be5 38. Ne4 Re3 39. Nxc5 Rxc3+ 40. Kb4 Rc1 41. Ra6+ Kf5 42. Rc6 Bg3 43. a5 Bxh4 44. a6 Be1+ 45. Kb5 Rb1+ 46. Kc4 Rc1+ 47. Kb3 h4 48. a7 Ra1 49. Ra6 Rb1+ 50. Kc2 Rc1+ 51. Kxc1 1-0

[Event "December 12 Early 2023"]
[Site "https://www.chess.com"]
[Date "2023.12.12"]
[Round "7"]
[White "NastyaHn"]
[Black "Osinovsky, Stepan"]
[Result "1-0"]
[Board "146"]
[TimeControl "180+1"]
[BlackFideId "4157354"]
[WhiteElo "2246"]
[BlackElo "2411"]
[BlackTeam "RUS"]
[WhiteClock "0:00:03"]
[BlackClock "0:00:00"]

1. Nc3 e5 2. Nf3 Nc6 3. d4 exd4 4. Nxd4 Nxd4 5. Qxd4 Nf6 6. e4 d6 7. Bg5 Be7 8. O-O-O c6 9. f3 Qa5 10. Bd2 Qb6 11. Qxb6 axb6 12. Be3 b5 13. a3 Nd7 14. Bxb5 cxb5 15. Nxb5 O-O 16. Nxd6 Ne5 17. Bf4 Bxd6 18. Rxd6 Nc4 19. Rd4 Be6 20. Rhd1 b5 21. Bd2 Rfd8 22. Bb4 Rxd4 23. Rxd4 h6 24. b3 Ne3 25. Rd2 Nf1 26. Rf2 Nxh2 27. Bd6 g5 28. Bxh2 Rxa3 29. Kb2 Ra8 30. Rd2 Rc8 31. Be5 Kh7 32. Rd6 h5 33. Rb6 g4 34. Rxb5 gxf3 35. gxf3 h4 36. Bf4 h3 37. c4 Kg6 38. Rg5+ Kf6 39. Rh5 Rg8 40. Kc3 Rg1 41. Be3 Rf1 42. f4 Rf3 43. Kd4 Bg4 44. Rh4 Rg3 45. f5 Rg2 46. Bf4 Rg1 47. b4 Rd1+ 48. Kc5 Bf3 49. Rh6+ Ke7 50. f6+ Ke6 51. Rxh3 Bxe4 52. Re3 Kf5 53. Bd6 1-0

[Event "December 12 Early 2023"]
[Site "https://www.chess.com"]
[Date "2023.12.12"]
[Round "7"]
[White "Bach Ngoc Thuy Duong"]
[Black "Srivatsan Karthikeyan"]
[Result "1-0"]
[Board "147"]
[TimeControl "180+1"]
[WhiteFideId "12408956"]
[BlackFideId "25684248"]
[WhiteElo "2400"]
[BlackElo "2233"]
[WhiteTeam "VIE"]
[BlackTeam "IND"]
[WhiteClock "0:00:51"]
[BlackClock "0:00:36"]

1. d4 Nf6 2. c4 e6 3. Nc3 Bb4 4. Qc2 d5 5. cxd5 exd5 6. Bg5 O-O 7. e3 c6 8. Bd3 h6 9. Bh4 Nbd7 10. Nf3 Re8 11. O-O Qc7 12. Bg3 Bd6 13. Nb5 cxb5 14. Qxc7 Bxc7 15. Bxc7 a6 16. Rac1 Ne4 17. Bf4 Ndf6 18. Rc7 Bg4 19. Ne5 Be6 20. Rxb7 Rec8 21. Nf3 Rc6 22. Ne5 Rcc8 23. Rb6 Nd2 24. Rd1 Nc4 25. Bxc4 dxc4 26. Rc6 Nd5 27. Bg3 Rxc6 28. Nxc6 Rc8 29. Ne5 f6 30. Ng6 Nb4 31. Ne7+ Kf7 32. Nxc8 Bxc8 33. a3 Nd3 34. Rd2 Bf5 35. f3 a5 36. e4 Bd7 37. Bc7 a4 38. Ba5 Ke6 39. Bc3 f5 40. Re2 fxe4 41. Rxe4+ Kf7 42. d5 Bf5 43. Rd4 Nc1 44. Kf2 Ne2 45. Rd2 Nxc3 46. bxc3 Ke7 47. Ke3 Kd6 48. Kd4 Bd3 49. Rb2 Bf1 50. g3 1-0

[Event "December 12 Early 2023"]
[Site "https://www.chess.com"]
[Date "2023.12.12"]
[Round "7"]
[White "Donskov, Anatoly"]
[Black "Petrukhina, Olga"]
[Result "1-0"]
[Board "148"]
[TimeControl "180+1"]
[WhiteFideId "24143413"]
[BlackFideId "13703935"]
[WhiteElo "2399"]
[BlackElo "2233"]
[WhiteTeam "RUS"]
[BlackTeam "KAZ"]
[WhiteClock "0:00:07"]
[BlackClock "0:00:00"]

1. e4 e6 2. d4 d5 3. Nc3 dxe4 4. Nxe4 Nd7 5. Nf3 Ngf6 6. Nxf6+ Nxf6 7. Bg5 h6 8. Bh4 Be7 9. Bc4 a6 10. Qe2 b5 11. Bd3 Bb7 12. O-O O-O 13. Rad1 Qc8 14. Ne5 c5 15. dxc5 Qxc5 16. Kh1 Rfd8 17. f4 Nd5 18. Bf2 Qc7 19. Qg4 Bf6 20. c3 Nxf4 21. Bg3 Bxe5 22. Bxf4 Bxf4 23. Rxf4 f5 24. Qg3 Rd6 25. Rdf1 Rad8 26. Bc2 Rd2 27. R4f2 Qxg3 28. hxg3 Rxf2 29. Rxf2 Kf7 30. g4 g6 31. gxf5 exf5 32. Kg1 Kf6 33. Re2 Bd5 34. a3 Bc4 35. Rf2 Re8 36. g3 Re3 37. Kg2 Ke5 38. Bb1 Re2 39. Rxe2+ Bxe2 40. Kf2 Bc4 41. Ke3 g5 42. Bc2 Bd5 43. b3 h5 44. a4 bxa4 45. bxa4 Bc4 46. Kf2 f4 47. gxf4+ Kxf4 48. Bg6 h4 49. Kg1 g4 50. Kh2 h3 51. Kg1 g3 52. Bf7 Kg4 53. Bxc4 Kf3 54. Bd5+ Ke3 55. Bb7 1-0

[Event "December 12 Early 2023"]
[Site "https://www.chess.com"]
[Date "2023.12.12"]
[Round "7"]
[White "Fernandez Hernandez, Gerardo"]
[Black "Becerra, Juan David"]
[Result "1-0"]
[Board "149"]
[TimeControl "180+1"]
[WhiteFideId "2207400"]
[BlackFideId "4404998"]
[WhiteElo "2198"]
[BlackElo "2396"]
[WhiteTeam "ESP"]
[BlackTeam "COL"]
[WhiteClock "0:00:13"]
[BlackClock "0:00:10"]

1. e4 c5 2. d3 Nc6 3. g3 g6 4. Bg2 Bg7 5. f4 d6 6. Nf3 e6 7. O-O Nge7 8. c3 f5 9. Be3 O-O 10. exf5 gxf5 11. Nbd2 d5 12. Bxc5 b6 13. Bxe7 Qxe7 14. d4 Bd7 15. Re1 Qd6 16. Qe2 Rab8 17. Ng5 Rbe8 18. Qh5 h6 19. Ngf3 Re7 20. Nh4 Be8 21. Qe2 Nb8 22. Ndf3 Nd7 23. Rf1 Nf6 24. Ne5 Ne4 25. Nhg6 Bxg6 26. Nxg6 Rfe8 27. Nxe7+ Rxe7 28. Rad1 Qc6 29. Qa6 Kh7 30. Rfe1 Bf6 31. Qd3 Rg7 32. b3 Nxc3 33. Rc1 Bxd4+ 34. Qxd4 Ne2+ 35. Rxe2 Qxc1+ 36. Kf2 Qc6 37. Qe5 Qc5+ 38. Qe3 d4 39. Qe5 d3+ 40. Qxc5 bxc5 41. Rd2 Rd7 42. Ke3 1-0

[Event "December 12 Early 2023"]
[Site "https://www.chess.com"]
[Date "2023.12.12"]
[Round "7"]
[White "Balla, Tamas-Kristof"]
[Black "BestestBP"]
[Result "1-0"]
[Board "150"]
[TimeControl "180+1"]
[WhiteFideId "1208497"]
[WhiteElo "2392"]
[BlackElo "2139"]
[WhiteTeam "ROU"]
[WhiteClock "0:00:32"]
[BlackClock "0:00:05"]

1. e4 e5 2. Nf3 Nc6 3. d4 exd4 4. Nxd4 Nf6 5. Nxc6 bxc6 6. e5 Qe7 7. Qe2 Nd5 8. h4 a5 9. c4 Nb6 10. g3 Ba6 11. Nd2 Qe6 12. Bh3 Qe7 13. O-O h6 14. b3 O-O-O 15. Bb2 Rg8 16. Qf3 Kb8 17. Ne4 Qe8 18. Rfd1 Be7 19. a3 g5 20. hxg5 hxg5 21. Bg2 g4 22. Qe3 Rg6 23. Nc3 Bg5 24. Qe4 Bb7 25. c5 Nd5 26. Nxd5 cxd5 27. Qd4 f6 28. Bxd5 fxe5 29. Qe4 Bxd5 30. Rxd5 Rc6 31. Rxe5 Qg8 32. b4 Bf6 33. b5 Bxe5 34. bxc6 Bxb2 35. Rb1 Qa2 36. Qc2 dxc6 37. Rxb2+ Qxb2 38. Qxb2+ Kc8 39. Qc3 Rd5 40. Qxa5 Kd7 41. Qb4 Ke6 42. a4 Ke5 43. a5 Rd4 44. Qb2 Kd5 45. Qxd4+ Kxd4 46. a6 Kxc5 47. a7 Kd4 48. a8=Q c5 49. Qa4+ c4 50. Qc6 c3 51. Qxc7 Kd3 52. Kf1 Kc2 53. Ke2 Kb2 54. Kd3 c2 55. Qxc2+ Ka1 56. Qc5 Kb2 57. Qb5+ Ka1 58. Kc2 Ka2 59. Qa5# 1-0

[Event "December 12 Early 2023"]
[Site "https://www.chess.com"]
[Date "2023.12.12"]
[Round "7"]
[White "Topalov, Aleksandar"]
[Black "Negron Lizarazo, Juan Sebastian"]
[Result "1-0"]
[Board "151"]
[TimeControl "180+1"]
[WhiteFideId "925659"]
[BlackFideId "3936910"]
[WhiteElo "2370"]
[BlackElo "2138"]
[WhiteTeam "SRB"]
[BlackTeam "COL"]
[WhiteClock "0:02:20"]
[BlackClock "0:00:47"]

1. b3 e5 2. Bb2 d6 3. d4 exd4 4. Qxd4 Nf6 5. Nc3 Nc6 6. Qf4 Be7 7. O-O-O Be6 8. Nf3 Qd7 9. e4 O-O-O 10. Nd5 Bxd5 11. exd5 Nb8 12. Bd3 Nxd5 13. Qxf7 Rdf8 14. Qxd5 c6 15. Qa5 b6 16. Qe1 c5 17. Kb1 Rhg8 18. Bc4 1-0

[Event "December 12 Early 2023"]
[Site "https://www.chess.com"]
[Date "2023.12.12"]
[Round "7"]
[White "Koridze, Lile"]
[Black "Sailer, Mike"]
[Result "0-1"]
[Board "152"]
[TimeControl "180+1"]
[WhiteFideId "13612514"]
[BlackFideId "2012901"]
[WhiteElo "2368"]
[BlackElo "2060"]
[WhiteTeam "GEO"]
[BlackTeam "USA"]
[WhiteClock "0:02:16"]
[BlackClock "0:02:12"]

1. d4 d5 2. c4 Bf5 3. Nc3 e6 4. Nf3 Bb4 5. e3 Nf6 6. Bd2 O-O 7. Be2 a6 8. O-O dxc4 9. Bxc4 Bd6 10. h3 h6 11. Qe2 Ne4 12. Nxe4 Bxe4 13. Bc3 b5 14. Bd3 Bxd3 15. Qxd3 c5 16. dxc5 Bh2+ 17. Nxh2 Qxd3 18. Rad1 Qc4 19. Bd4 Qxa2 0-1

[Event "December 12 Early 2023"]
[Site "https://www.chess.com"]
[Date "2023.12.12"]
[Round "7"]
[White "Skiadopoulos, Nikolaos"]
[Black "Zaksaite, Salomeja"]
[Result "0-1"]
[Board "153"]
[TimeControl "180+1"]
[WhiteFideId "4200772"]
[BlackFideId "12801496"]
[WhiteElo "1747"]
[BlackElo "2368"]
[WhiteTeam "GRE"]
[BlackTeam "LTU"]
[WhiteClock "0:00:05"]
[BlackClock "0:00:22"]

1. e4 e6 2. d4 d5 3. e5 Bd7 4. Nf3 a6 5. Bd3 Bb5 6. O-O Bxd3 7. cxd3 Ne7 8. Bg5 h6 9. Bh4 Qd7 10. Nc3 Nf5 11. Bg3 Nc6 12. Ne2 g5 13. h3 Be7 14. Bh2 h5 15. g4 hxg4 16. hxg4 Nh4 17. Nxh4 Rxh4 18. Bg3 Rxg4 19. f3 Rxg3+ 20. Nxg3 Nxd4 21. f4 O-O-O 22. f5 Bc5 23. Kg2 exf5 24. Rc1 Bb6 25. b4 f4 26. Nh5 Nf5 27. Rf3 Nh4+ 28. Kh2 Rh8 29. Rh3 f3 30. Rxh4 gxh4 31. Qxf3 Qe6 32. Re1 Qh6 33. Nf6 Kb8 34. Re2 h3 35. Ng4 Qc1 36. Qxf7 Qg1# 0-1

[Event "December 12 Early 2023"]
[Site "https://www.chess.com"]
[Date "2023.12.12"]
[Round "7"]
[White "Donatti, Alvaro"]
[Black "Kotlyar, Kirill"]
[Result "0-1"]
[Board "154"]
[TimeControl "180+1"]
[WhiteFideId "3000303"]
[BlackFideId "24145599"]
[WhiteElo "2051"]
[BlackElo "2545"]
[WhiteTeam "URU"]
[BlackTeam "RUS"]
[WhiteClock "0:00:00"]
[BlackClock "0:00:46"]

1. e4 e5 2. Nf3 Nc6 3. Bb5 a6 4. Ba4 Nf6 5. O-O Be7 6. Re1 b5 7. Bb3 O-O 8. a4 b4 9. c3 d6 10. d4 exd4 11. cxd4 Bg4 12. Bg5 Bxf3 13. gxf3 Rb8 14. Kh1 Nh5 15. Be3 Bg5 16. Rg1 Bf4 17. Rg4 Qf6 18. Nd2 Nxd4 19. Bc4 c5 20. Bxa6 g6 21. Bc4 Kh8 22. a5 Ra8 23. a6 Ra7 24. Kg2 Ne6 25. Qb3 Be5 26. Bxe6 fxe6 27. Ra5 Bxb2 28. Bh6 Ng7 29. Bg5 Qc3 30. Qxc3 bxc3 31. Nc4 d5 32. Nd6 c2 33. Nb5 Raa8 34. a7 Rfc8 35. Nd6 Rc7 36. Nb5 Rb7 37. exd5 exd5 38. Rf4 c1=Q 0-1

[Event "December 12 Early 2023"]
[Site "https://www.chess.com"]
[Date "2023.12.12"]
[Round "7"]
[White "Smirnov, Mark"]
[Black "Barbot, Pierre"]
[Result "1-0"]
[Board "155"]
[TimeControl "180+1"]
[WhiteFideId "13764594"]
[BlackFideId "663727"]
[WhiteElo "2514"]
[BlackElo "2309"]
[WhiteTeam "KAZ"]
[BlackTeam "FRA"]
[WhiteClock "0:00:06"]
[BlackClock "0:00:00"]

1. e4 c6 2. Nf3 d5 3. d3 g6 4. Nc3 Bg7 5. Bd2 d4 6. Ne2 e5 7. c3 c5 8. b4 dxc3 9. Bxc3 cxb4 10. Bxb4 Nc6 11. Bc3 Nge7 12. d4 exd4 13. Nexd4 O-O 14. Qd2 Nxd4 15. Bxd4 Bxd4 16. Nxd4 Qb6 17. Nb3 Rd8 18. Qa5 Be6 19. Be2 Bxb3 20. axb3 Qxb3 21. O-O Nc6 22. Qc7 Rac8 23. Qf4 Nd4 24. Bg4 Rc2 25. Rxa7 Qb6 26. Raa1 h5 27. Bd1 Rb2 28. Kh1 Qc6 29. Rc1 Qe6 30. Rc7 Re8 31. h3 b5 32. Re1 b4 33. Qe3 Nb5 34. Rb7 Nc3 35. Bf3 Rd8 36. Qc5 Rdd2 37. Rxb4 Rxb4 38. Qxb4 Rc2 39. e5 Nd5 40. Qd6 Nf4 41. Qxe6 Nxe6 42. Kg1 Kf8 43. g3 Ke7 44. Bd5 Kd7 45. f4 Ke7 46. Ra1 Rd2 47. Bc4 Rd4 48. Ra7+ Kf8 49. Bxe6 1-0

[Event "December 12 Early 2023"]
[Site "https://www.chess.com"]
[Date "2023.12.12"]
[Round "7"]
[White "Petrova, Irina"]
[Black "Shinkarev, M"]
[Result "0-1"]
[Board "156"]
[TimeControl "180+1"]
[WhiteFideId "14124122"]
[BlackFideId "4145348"]
[WhiteElo "2313"]
[BlackElo "2476"]
[WhiteTeam "UKR"]
[BlackTeam "RUS"]
[WhiteClock "0:00:00"]
[BlackClock "0:00:17"]

1. e4 e5 2. Nf3 d6 3. c4 Nd7 4. Nc3 c6 5. d4 Ngf6 6. Be2 Be7 7. O-O O-O 8. h3 Qc7 9. Be3 a6 10. Rc1 Re8 11. Qd2 Bf8 12. dxe5 dxe5 13. Rfd1 Nc5 14. Qc2 a5 15. Nh4 Ne6 16. Nf5 Nf4 17. Bf1 g6 18. Ng3 N6h5 19. Nxh5 Nxh5 20. c5 Nf4 21. Na4 Ne6 22. Nb6 Rb8 23. Qa4 Nd4 24. Qxa5 Be6 25. Qb4 Bg7 26. b3 h5 27. Nc4 Bxc4 28. Qxc4 Rbd8 29. Bxd4 exd4 30. Bd3 h4 31. b4 Qf4 32. Qc2 Be5 33. Kf1 Qh2 34. Ke2 Qxg2 35. Rg1 Qxh3 36. Bc4 Kg7 37. Qd3 Qxd3+ 38. Kxd3 h3 39. Rcf1 Bf4 40. Rh1 h2 41. a4 Rh8 42. f3 Kf6 43. b5 Ke5 44. bxc6 bxc6 45. a5 Ra8 46. a6 Rhb8 47. Rb1 f5 48. exf5 gxf5 49. Rhe1+ Kf6 50. Re6+ Kg5 51. Rh1 Rb4 52. Re2 Ra4 53. Rg2+ Kf6 0-1

[Event "December 12 Early 2023"]
[Site "https://www.chess.com"]
[Date "2023.12.12"]
[Round "7"]
[White "Rose, Felix"]
[Black "Turzo, Attila"]
[Result "0-1"]
[Board "157"]
[TimeControl "180+1"]
[WhiteFideId "5105722"]
[BlackFideId "704954"]
[WhiteElo "2304"]
[BlackElo "2465"]
[WhiteTeam "MEX"]
[BlackTeam "HUN"]
[WhiteClock "0:00:00"]
[BlackClock "0:00:52"]

1. d4 Nf6 2. c4 c5 3. d5 b5 4. cxb5 a6 5. Nc3 axb5 6. Nxb5 g6 7. g3 Bg7 8. Nf3 O-O 9. Nc3 d6 10. e4 Nbd7 11. a4 Ng4 12. h3 Nge5 13. Nxe5 Nxe5 14. Bd2 Qb6 15. Rb1 f5 16. f4 Nd7 17. exf5 Nf6 18. fxg6 Bf5 19. gxh7+ Kh8 20. Bb5 c4 21. Bxc4 Qd4 22. b3 Ne4 23. Nxe4 Qxe4+ 24. Kf2 Bd4+ 25. Kf1 Qxh1+ 26. Ke2 Qg2+ 0-1

[Event "December 12 Early 2023"]
[Site "https://www.chess.com"]
[Date "2023.12.12"]
[Round "7"]
[White "Aalto, Patrik"]
[Black "Zaichenko, Daria"]
[Result "1-0"]
[Board "158"]
[TimeControl "180+1"]
[WhiteFideId "510726"]
[BlackFideId "4197453"]
[WhiteElo "2439"]
[BlackElo "2230"]
[WhiteTeam "FIN"]
[BlackTeam "RUS"]
[WhiteClock "0:01:47"]
[BlackClock "0:01:28"]

1. e4 c5 2. a3 d5 3. exd5 Qxd5 4. Nf3 Nc6 5. Nc3 Qd8 6. Bb5 Bd7 7. d4 Nxd4 8. Nxd4 cxd4 9. Qxd4 Bxb5 10. Nxb5 Qxd4 11. Nxd4 e5 12. Nb5 Rc8 13. Nc3 Nf6 14. Bd2 Bc5 15. f3 O-O 16. O-O-O Rfe8 17. Ne4 Nxe4 18. fxe4 Bd4 19. c3 Bb6 20. Rhe1 Red8 21. Be3 Rxd1+ 22. Kxd1 Rd8+ 23. Kc2 Bxe3 24. Rxe3 Kf8 25. a4 Ke7 26. b4 b6 27. g4 Kf6 28. h4 g6 29. Rf3+ Ke7 30. g5 Rd6 31. Rf2 f5 32. exf5 gxf5 33. Rxf5 Re6 34. Kd3 Kd6 35. Ke4 h6 36. Rf6 hxg5 37. hxg5 a5 38. bxa5 bxa5 39. Rxe6+ Kxe6 40. c4 1-0

[Event "December 12 Early 2023"]
[Site "https://www.chess.com"]
[Date "2023.12.12"]
[Round "7"]
[White "Rodriguez Santiago, Jaime"]
[Black "La Villa Rivas, Marlon Javier"]
[Result "0-1"]
[Board "159"]
[TimeControl "180+1"]
[WhiteFideId "3100898"]
[BlackFideId "3519546"]
[WhiteElo "2282"]
[BlackElo "2341"]
[WhiteTeam "PUR"]
[BlackTeam "CUB"]
[WhiteClock "0:01:04"]
[BlackClock "0:01:40"]

1. d4 Nf6 2. c4 c5 3. d5 b5 4. cxb5 a6 5. bxa6 g6 6. Nc3 Bg7 7. e4 O-O 8. g3 Qa5 9. Ne2 Nxe4 10. Bd2 Nxd2 11. Qxd2 Bxa6 12. Bg2 d6 13. O-O Nd7 14. Rfd1 Rab8 15. Rab1 Ne5 16. b3 Nd3 17. a4 Bd4 18. Nxd4 cxd4 19. Nb5 Qxd2 20. Rxd2 Nc5 21. Nxd4 Nxa4 22. Nc6 Nc3 23. Rc1 Ne2+ 24. Rxe2 Bxe2 25. Nxb8 Rxb8 26. Rc3 Kg7 27. f4 Kf6 28. Kf2 Bd1 29. Rc1 Bxb3 30. Ke3 Ba4 31. Kd4 Rb2 32. Rg1 e5+ 33. dxe6 fxe6 34. h3 e5+ 35. fxe5+ dxe5+ 36. Ke3 Ke6 37. Be4 Bb3 38. Ra1 Bc4 39. Ra4 Bb5 40. Ra8 Re2+ 41. Kf3 Rxe4 0-1

[Event "December 12 Early 2023"]
[Site "https://www.chess.com"]
[Date "2023.12.12"]
[Round "7"]
[White "Saim, Mohamed Ilias"]
[Black "Jakubowska, Anna"]
[Result "0-1"]
[Board "160"]
[TimeControl "180+1"]
[WhiteFideId "7900465"]
[BlackFideId "1121952"]
[WhiteElo "2054"]
[BlackElo "2338"]
[WhiteTeam "ALG"]
[BlackTeam "POL"]
[WhiteClock "0:01:22"]
[BlackClock "0:01:39"]

1. c4 e5 2. g3 Nc6 3. Bg2 g6 4. Nc3 Bg7 5. e4 d6 6. Nge2 h5 7. d3 h4 8. Be3 hxg3 9. hxg3 Rxh1+ 10. Bxh1 Bg4 11. Qa4 Qd7 12. O-O-O Nd4 13. Qxd7+ Kxd7 14. Rd2 Ne7 15. Bxd4 exd4 16. Nd5 Rh8 17. Bg2 Rh2 18. f3 Rxg2 19. fxg4 Nxd5 20. cxd5 Bh6 21. Nf4 Rxg3 22. Rf2 Rxg4 0-1

[Event "December 12 Early 2023"]
[Site "https://www.chess.com"]
[Date "2023.12.12"]
[Round "7"]
[White "Veiga, Jose Francisco R P Neves"]
[Black "Quirke, Jeffrey"]
[Result "0-1"]
[Board "161"]
[TimeControl "180+1"]
[WhiteFideId "1930087"]
[BlackFideId "2013029"]
[WhiteElo "2559"]
[BlackElo "2155"]
[WhiteTeam "POR"]
[BlackTeam "USA"]
[WhiteClock "0:00:09"]
[BlackClock "0:00:06"]

1. c4 Nf6 2. Nc3 g6 3. g3 Bg7 4. Bg2 O-O 5. e4 e5 6. Nge2 d6 7. O-O Nc6 8. Rb1 a5 9. a3 Nh5 10. b4 axb4 11. axb4 f5 12. d3 f4 13. f3 fxg3 14. hxg3 Rf7 15. Be3 Qf8 16. Nd5 Nd8 17. b5 Ne6 18. Kh2 Bh6 19. Qd2 Bxe3 20. Qxe3 Ra2 21. Rf2 g5 22. Ndc3 Rc2 23. d4 Qh6 24. Kg1 exd4 25. Nxd4 Rxf2 26. Kxf2 Nxg3 27. Ra1 Qh4 28. Kg1 Nf4 29. Ra8 Rf8 30. Qf2 Bh3 31. Rxf8+ Kxf8 32. Nde2 Ngxe2+ 33. Nxe2 Qxf2+ 34. Kxf2 Nxg2 35. Kg3 Nf4 36. Nxf4 gxf4+ 37. Kxh3 Kf7 38. Kg4 Kf6 39. Kxf4 h5 40. Kg3 Ke5 41. Kh4 Kf4 42. Kxh5 Kxf3 43. Kg6 Kxe4 44. Kf6 Kd4 45. Ke7 Kxc4 46. Kd7 Kxb5 47. Kxc7 d5 48. Kd6 d4 0-1

[Event "December 12 Early 2023"]
[Site "https://www.chess.com"]
[Date "2023.12.12"]
[Round "7"]
[White "ArrestingPieces"]
[Black "Hartikainen, Jarmo"]
[Result "1-0"]
[Board "162"]
[TimeControl "180+1"]
[BlackFideId "503134"]
[WhiteElo "2491"]
[BlackElo "2121"]
[BlackTeam "FIN"]
[WhiteClock "0:00:45"]
[BlackClock "0:00:17"]

1. e4 d5 2. exd5 Nf6 3. c4 c6 4. d4 cxd5 5. Nc3 g6 6. Qb3 Bg7 7. cxd5 O-O 8. Be2 b6 9. Bf3 Bb7 10. Nge2 Na6 11. O-O e6 12. Nf4 exd5 13. Nfxd5 Nxd5 14. Nxd5 Nc7 15. Nxc7 Qxc7 16. Bxb7 Qxb7 17. Be3 Rad8 18. Rfd1 Qd5 19. Qxd5 Rxd5 20. Rd3 Rfd8 21. Rad1 f5 22. f3 Kf7 23. b3 Ke6 24. Kf2 Rc8 25. Re1 Kd7 26. Red1 h6 27. h4 Rc2+ 28. R1d2 Rxd2+ 29. Rxd2 Kc6 30. Ke2 Kb5 31. Kd3 a5 32. Rc2 Rd7 33. Rc8 a4 34. bxa4+ Kxa4 35. Rc6 b5 36. Ra6+ Kb4 37. Bd2# 1-0

[Event "December 12 Early 2023"]
[Site "https://www.chess.com"]
[Date "2023.12.12"]
[Round "7"]
[White "Tilahun , Abel Mathewos"]
[Black "Chernomordik, Pavel"]
[Result "0-1"]
[Board "163"]
[TimeControl "180+1"]
[WhiteFideId "15702391"]
[BlackFideId "2804530"]
[WhiteElo "2077"]
[BlackElo "2470"]
[WhiteTeam "ETH"]
[BlackTeam "ISR"]
[WhiteClock "0:00:00"]
[BlackClock "0:00:38"]

1. d4 g6 2. c4 Bg7 3. Nc3 d6 4. e4 c6 5. f3 a6 6. Be3 b5 7. Nge2 Nf6 8. Qd2 h5 9. O-O-O Nbd7 10. Kb1 Nb6 11. Nc1 Nxc4 12. Bxc4 bxc4 13. Qe2 Be6 14. e5 Nd5 15. Ne4 Rb8 16. exd6 exd6 17. Bg5 f6 18. Bh4 Kf7 19. Rhe1 c3 20. b3 Re8 21. Qc2 Bf5 22. Nd3 Bf8 23. Bg3 Re6 24. Ka1 Qa5 25. Nf4 Nb4 26. Qf2 c2 27. a4 cxd1=Q+ 28. Rxd1 Bxe4 29. fxe4 Rxe4 30. Qf3 Nc2+ 0-1

[Event "December 12 Early 2023"]
[Site "https://www.chess.com"]
[Date "2023.12.12"]
[Round "7"]
[White "Subramanian, Anusha"]
[Black "Filipovic, Slobodan J"]
[Result "1/2-1/2"]
[Board "164"]
[TimeControl "180+1"]
[WhiteFideId "477710"]
[BlackFideId "939633"]
[WhiteElo "2052"]
[BlackElo "2413"]
[WhiteTeam "ENG"]
[BlackTeam "SRB"]
[WhiteClock "0:00:13"]
[BlackClock "0:01:14"]

1. e4 c5 2. Nf3 Nc6 3. d4 cxd4 4. Nxd4 e5 5. Nb5 d6 6. c4 Be6 7. N1c3 a6 8. Na3 Rc8 9. Be3 g6 10. f3 Bh6 11. Bxh6 Qh4+ 12. g3 Qxh6 13. Qd2 Nd4 14. Qxh6 Nxh6 15. Kf2 f5 16. Bd3 Rf8 17. Nd5 Bxd5 18. cxd5 fxe4 19. Bxe4 Nhf5 20. Rac1 Ke7 21. g4 Nh4 22. Rxc8 Rxc8 23. Kg3 g5 24. Rd1 h6 25. Rd3 Rc1 26. Rc3 Rg1+ 27. Kf2 Rg2+ 28. Kf1 Rxb2 29. Rc7+ Kd8 30. Rh7 b5 31. Rxh6 Kd7 32. Rh7+ Ke8 33. Rh8+ Kf7 34. Rh7+ Kg8 35. Rd7 Rxa2 36. Rd8+ Kf7 37. Nb1 Nhxf3 38. Bxf3 Nxf3 39. Rxd6 Nxh2+ 40. Kg1 Nf3+ 41. Kf1 e4 42. Nc3 Nh2+ 43. Kg1 Nf3+ 44. Kf1 Rd2 45. Nxe4 Rd4 46. Rd7+ Ke8 47. Nf6+ Kf8 48. Nh7+ Ke8 49. Nf6+ Kf8 50. Nh7+ Ke8 51. Nf6+ 1/2-1/2

[Event "December 12 Early 2023"]
[Site "https://www.chess.com"]
[Date "2023.12.12"]
[Round "7"]
[White "Nikulina, Alena"]
[Black "Franchini, Gabriele"]
[Result "1-0"]
[Board "165"]
[TimeControl "180+1"]
[WhiteFideId "4172051"]
[BlackFideId "806790"]
[WhiteElo "2050"]
[BlackElo "2299"]
[WhiteTeam "RUS"]
[BlackTeam "ITA"]
[WhiteClock "0:00:19"]
[BlackClock "0:00:00"]

1. e4 e6 2. d4 d5 3. exd5 exd5 4. c4 Bb4+ 5. Nc3 Nf6 6. Nf3 O-O 7. Bd3 dxc4 8. Bxc4 Bg4 9. O-O Bxf3 10. Qxf3 Qxd4 11. Qxb7 Qxc4 12. Qxa8 Nc6 13. Qb7 Bd6 14. Qb3 Qh4 15. h3 Nd4 16. Qd1 Rd8 17. Be3 Nf5 18. Qf3 g6 19. Rad1 Rb8 20. b3 Rb4 21. Nd5 Nxd5 22. Rxd5 Re4 23. Bxa7 Rf4 24. Qe2 Qg5 25. Be3 h5 26. Rxf5 Qxf5 27. Bxf4 Qxf4 28. g3 Qf5 29. Kg2 Kg7 30. Re1 h4 31. a4 hxg3 32. fxg3 Qg5 33. Qb2+ Kh7 34. Qf2 Qd5+ 35. Kh2 Qxb3 36. Re4 Kg7 37. Qd4+ Kh7 38. Rh4+ 1-0

[Event "December 12 Early 2023"]
[Site "https://www.chess.com"]
[Date "2023.12.12"]
[Round "7"]
[White "Cardozo Munar, Carlos Eduardo"]
[Black "Perez Cruz, Adianet"]
[Result "1-0"]
[Board "166"]
[TimeControl "180+1"]
[WhiteFideId "4409477"]
[BlackFideId "3510115"]
[WhiteElo "2266"]
[BlackElo "2048"]
[WhiteTeam "COL"]
[BlackTeam "CUB"]
[WhiteClock "0:02:10"]
[BlackClock "0:02:42"]

1. g3 c6 2. Bg2 d5 3. Nf3 Nf6 4. O-O Bg4 5. d4 Qd7 6. Nbd2 Bh3 7. Re1 Bxg2 8. Kxg2 h5 9. e4 dxe4 10. Nxe4 Nxe4 11. Rxe4 e6 12. c3 Be7 13. Bf4 Qd8 14. h4 Nd7 15. Qb3 Qb6 16. Rae1 Nf6 17. Rxe6 fxe6 18. Qxe6 Qd8 19. Bd6 Ng8 20. Qg6+ Kd7 21. Ne5+ Kc8 22. Qe6+ 1-0